[Event "Titled Tuesday Blitz February 07 Late 2023"]
[White "Ismagilov, Damir"]
[Black "Shapiro, Bryan"]
[WhiteFideId "34199982"]
[BlackFideId "2087740"]
[WhiteElo "2156"]
[BlackElo "1972"]
[Result "1-0"]
[Round "01"]
[TimeControl "180+2"]
[Date "2023.02.07"]
[WhiteClock "0:00:32"]
[BlackClock "0:00:06"]

1. e4 e5 2. Nf3 Nc6 3. Bc4 Bc5 4. O-O Nf6 5. Nc3 d6 6. h3 a6 7. d3 h6 8. a3 Ba7 9. Be3 Bxe3 10. fxe3 Be6 11. Bxe6 fxe6 12. d4 exd4 13. exd4 e5 14. d5 Ne7 15. Nh4 Qd7 16. Qd3 Nh5 17. Ne2 Rf8 18. c4 O-O-O 19. b4 g5 20. Nf3 Nf4 21. Nxf4 gxf4 22. c5 dxc5 23. bxc5 c6 24. Nxe5 Qc7 25. d6 Qa5 26. Qc4 Ng8 27. Rab1 Nf6 28. Rb3 Nd7 29. Nxd7 Rxd7 30. e5 Rg7 31. Qb4 Qd8 32. e6 Qg5 33. d7+ Kd8 34. Qd2 Qxc5+ 35. Kh1 Re7 36. Rxb7 Rxe6 37. Rb8+ Kc7 38. d8=Q+ Rxd8 39. Qxd8# 1-0


[Site "https://www.chess.com"]

[Event "Titled Tuesday Blitz February 07 Late 2023"]
[White "Balog, Imre"]
[Black "Dauner, Benedikt"]
[WhiteFideId "728446"]
[BlackFideId "16225899"]
[WhiteElo "2615"]
[BlackElo "2400"]
[Result "1/2-1/2"]
[Round "01"]
[TimeControl "180+2"]
[Date "2023.02.07"]
[WhiteClock "0:00:06"]
[BlackClock "0:00:19"]

1. e4 d5 2. exd5 Qxd5 3. Nc3 Qd6 4. Nf3 Nf6 5. d4 Nc6 6. Nb5 Qd8 7. Ne5 Nxe5 8. dxe5 Qxd1+ 9. Kxd1 Nd5 10. c4 a6 11. cxd5 axb5 12. Bxb5+ Bd7 13. Bxd7+ Kxd7 14. Bf4 Ra5 15. e6+ fxe6 16. dxe6+ Kxe6 17. Bxc7 Rb5 18. b3 g6 19. Re1+ Kf7 20. Be5 Rxe5 21. Rxe5 Bg7 22. f4 Bxe5 23. fxe5 Ke6 24. Kd2 Kxe5 25. a4 Kd4 26. Rc1 Rf8 27. Rc4+ Kd5 28. Rc7 e5 29. Rxb7 Rf2+ 30. Kc3 e4 31. Rd7+ Ke5 32. Re7+ Kd5 33. a5 Rxg2 34. a6 Rxh2 35. a7 Ra2 36. Rxh7 e3 37. Re7 e2 38. Rxe2 Rxa7 39. Rd2+ Kc5 40. b4+ Kc6 41. Kc4 Rc7 42. Rg2 Kb6+ 43. Kb3 Rc6 44. Rg5 Rf6 45. Ka4 Ka6 46. Kb3 Kb6 47. Ka4 Re6 48. Kb3 Kc6 49. Ka4 Kb6 50. Kb3 Rf6 1/2-1/2


[Site "https://www.chess.com"]

[Event "Titled Tuesday Blitz February 07 Late 2023"]
[White "Hansen, Torbjorn Ringdal"]
[Black "Mohammadian, Mohammad"]
[WhiteFideId "1501720"]
[BlackFideId "12566055"]
[WhiteElo "2432"]
[BlackElo "1398"]
[Result "1-0"]
[Round "01"]
[TimeControl "180+2"]
[Date "2023.02.07"]
[WhiteClock "0:01:57"]
[BlackClock "0:00:21"]

1. c4 Nf6 2. g3 g6 3. Bg2 Bg7 4. d4 e6 5. Nf3 O-O 6. O-O c6 7. Nc3 d5 8. b3 Nbd7 9. Bb2 Qb6 10. Qd3 Re8 11. e4 dxe4 12. Nxe4 Nxe4 13. Qxe4 Nf6 14. Qe2 Rd8 15. Rad1 Ne8 16. Rfe1 Qc7 17. Ne5 Nd6 18. h4 h5 19. g4 hxg4 20. Qxg4 Nf5 21. h5 gxh5 22. Qxh5 Nxd4 23. Rxd4 Rxd4 24. Bxd4 Qa5 25. Qxf7+ Kh7 26. Re4 Qd2 27. Rh4+ 1-0


[Site "https://www.chess.com"]

[Event "Titled Tuesday Blitz February 07 Late 2023"]
[White "Butolo, Alexandru-Mircea"]
[Black "Gurevich, Dmitry"]
[WhiteFideId "1261649"]
[BlackFideId "2000407"]
[WhiteElo "2033"]
[BlackElo "2393"]
[Result "0-1"]
[Round "01"]
[TimeControl "180+2"]
[Date "2023.02.07"]
[WhiteClock "0:01:19"]
[BlackClock "0:02:11"]

1. d4 Nf6 2. Nf3 e6 3. g3 b5 4. Bg2 Bb7 5. O-O c5 6. c3 Na6 7. Bg5 Be7 8. Nbd2 O-O 9. Re1 b4 10. Bxf6 Bxf6 11. dxc5 bxc3 12. bxc3 Nxc5 13. Nd4 Bxg2 14. Kxg2 Qc7 15. Rc1 Qb7+ 16. e4 Nd3 17. Nc4 Nxe1+ 18. Qxe1 Qc7 19. Qe2 Rfc8 20. Ne3 Bxd4 0-1


[Site "https://www.chess.com"]

[Event "Titled Tuesday Blitz February 07 Late 2023"]
[White "Landaw, Julian"]
[Black "Castillo Pena, Patricia Evarista"]
[WhiteFideId "2023342"]
[BlackFideId "6412106"]
[WhiteElo "2318"]
[BlackElo "1783"]
[Result "1-0"]
[Round "01"]
[TimeControl "180+2"]
[Date "2023.02.07"]
[WhiteClock "0:01:03"]
[BlackClock "0:00:13"]

1. e4 c5 2. Nc3 Nc6 3. g3 g6 4. Bg2 Bg7 5. d3 Nf6 6. f4 d6 7. Nf3 O-O 8. O-O Bg4 9. h3 Bd7 10. Be3 Rc8 11. g4 e6 12. e5 dxe5 13. fxe5 Ne8 14. Bxc5 Nxe5 15. Bxf8 Kxf8 16. Nxe5 Bxe5 17. Qf3 Bd4+ 18. Kh1 Qe7 19. Qxb7 Bxc3 20. bxc3 Rxc3 21. Rf2 Ba4 22. Qe4 Bxc2 23. Qd4 Qc5 24. Qh8+ Ke7 25. Raf1 f5 26. Qxh7+ Kd8 27. Qxg6 Bxd3 28. Rd2 Rc1 29. Rxd3+ 1-0


[Site "https://www.chess.com"]

[Event "Titled Tuesday Blitz February 07 Late 2023"]
[White "So, Wesley"]
[Black "Shuvalova, Polina"]
[WhiteFideId "5202213"]
[BlackFideId "24171760"]
[WhiteElo "2760"]
[BlackElo "2484"]
[Result "1-0"]
[Round "02"]
[TimeControl "180+2"]
[Date "2023.02.07"]
[WhiteClock "0:01:30"]
[BlackClock "0:00:08"]

1. d4 Nf6 2. Nf3 d5 3. c4 e6 4. g3 Bb4+ 5. Bd2 Be7 6. Bg2 O-O 7. Qc2 Nbd7 8. O-O c6 9. Rd1 b6 10. b3 h6 11. Nc3 Ba6 12. Bf4 dxc4 13. bxc4 Bxc4 14. Nd2 Ba6 15. Bxc6 Rc8 16. Qa4 g5 17. Be5 Bb4 18. Bxd7 Bxc3 19. Bxc8 Bxc8 20. Bxf6 Qxf6 21. Ne4 1-0


[Site "https://www.chess.com"]

[Event "Titled Tuesday Blitz February 07 Late 2023"]
[White "Boyer, Mahel"]
[Black "Naroditsky, Daniel"]
[WhiteFideId "45102422"]
[BlackFideId "2026961"]
[WhiteElo "2489"]
[BlackElo "2618"]
[Result "0-1"]
[Round "02"]
[TimeControl "180+2"]
[Date "2023.02.07"]
[WhiteClock "0:00:01"]
[BlackClock "0:00:03"]

1. e4 c6 2. c4 e5 3. Nf3 d6 4. d4 Nd7 5. Nc3 Ngf6 6. Be2 Be7 7. O-O O-O 8. Qc2 a6 9. Rd1 Qc7 10. Rb1 Re8 11. b4 Nf8 12. Be3 Ng6 13. h3 Bf8 14. dxe5 dxe5 15. Na4 Nf4 16. Bb6 Qb8 17. Bf1 Be6 18. Nc5 Qc8 19. Rb3 Nd7 20. Nxd7 Bxd7 21. Qd2 Be6 22. Nxe5 Ng6 23. Nxg6 hxg6 24. Qd4 Be7 25. Rf3 Bd8 26. c5 Bxa2 27. Bc4 Bxc4 28. Qxc4 Bf6 29. e5 Rxe5 30. Rfd3 Qf5 31. Rd7 Re1+ 32. Rxe1 Qxd7 33. Qe4 Kf8 34. Qf3 Re8 35. Rd1 Qe6 36. g4 Be5 37. Kg2 Bb8 38. Rd3 f6 39. Re3 Qd7 40. Rxe8+ Kxe8 41. Qe4+ Kf7 42. Kf3 f5 43. Qc4+ Qe6 44. Qe2 Qxe2+ 45. Kxe2 Be5 46. Kd3 Ke6 47. Kc4 Bf6 48. Bc7 Be5 49. Bd8 Bf4 50. f3 Be5 51. Bg5 Bf6 52. Bf4 Be5 53. Bg5 Bc7 54. Be3 Ke5 0-1


[Site "https://www.chess.com"]

[Event "Titled Tuesday Blitz February 07 Late 2023"]
[White "Dubov, Daniil"]
[Black "tuschessCM1"]
[WhiteFideId "24126055"]
[WhiteElo "2708"]
[BlackElo "2670"]
[Result "1-0"]
[Round "02"]
[TimeControl "180+2"]
[Date "2023.02.07"]
[WhiteClock "0:00:59"]
[BlackClock "0:00:05"]

1. e4 c6 2. d4 d5 3. e5 c5 4. dxc5 e6 5. Bd3 Nd7 6. Nf3 Nxc5 7. O-O Nxd3 8. cxd3 Bd7 9. Nc3 Ne7 10. Ne2 h6 11. Be3 g6 12. Rc1 Bg7 13. Qd2 Nc6 14. d4 Ne7 15. Ng3 Kf8 16. h4 Kg8 17. h5 Nf5 18. hxg6 fxg6 19. Nxf5 gxf5 20. g3 Be8 21. Kg2 Bc6 22. Rh1 Qf8 23. Rh4 Be8 24. Rch1 h5 25. Ng5 Qe7 26. Nh3 Kf8 27. Bg5 Qf7 28. Nf4 Qg8 29. Qb4+ Kf7 30. Qe7# 1-0


[Site "https://www.chess.com"]

[Event "Titled Tuesday Blitz February 07 Late 2023"]
[White "Nazari, Arad"]
[Black "Andreikin, Dmitry"]
[WhiteFideId "12577324"]
[BlackFideId "4158814"]
[WhiteElo "2367"]
[BlackElo "2729"]
[Result "0-1"]
[Round "02"]
[TimeControl "180+2"]
[Date "2023.02.07"]
[WhiteClock "0:00:03"]
[BlackClock "0:01:14"]

1. e4 e6 2. d4 d5 3. Nd2 c5 4. Ngf3 cxd4 5. Nxd4 Nc6 6. Bb5 Bd7 7. Nxc6 bxc6 8. Bd3 Ne7 9. O-O Ng6 10. exd5 cxd5 11. c4 Nf4 12. Bc2 Bd6 13. cxd5 Nxd5 14. Ne4 Bc7 15. Bg5 Qb8 16. Qh5 h6 17. Bc1 Bc6 18. Re1 Nf4 19. Qg4 O-O 20. Nf6+ Kh8 21. Bxf4 Bxf4 22. Rxe6 Qxb2 23. Rf1 Qxc2 24. Re2 Qg6 25. Qxf4 Qxf6 26. Qxf6 gxf6 27. Rc1 Rfe8 28. Rec2 Rac8 29. f3 Bd7 30. Rc7 Be6 31. a3 a5 32. R1c5 a4 33. Rxc8 Rxc8 34. Ra5 Bb3 0-1


[Site "https://www.chess.com"]

[Event "Titled Tuesday Blitz February 07 Late 2023"]
[White "Duda, Jan-Krzysztof"]
[Black "Ozer, Omer Faruk"]
[WhiteFideId "1170546"]
[BlackFideId "6354564"]
[WhiteElo "2724"]
[BlackElo "2360"]
[Result "1-0"]
[Round "02"]
[TimeControl "180+2"]
[Date "2023.02.07"]
[WhiteClock "0:01:20"]
[BlackClock "0:00:01"]

1. c4 e5 2. Nc3 Nc6 3. Nf3 g6 4. e3 Bg7 5. d4 d6 6. Be2 Nge7 7. d5 Nb8 8. e4 a5 9. h4 h6 10. h5 g5 11. Nh2 O-O 12. g4 Na6 13. Be3 c6 14. Nf1 cxd5 15. cxd5 Bd7 16. f3 Rb8 17. Bb5 Nc7 18. Bb6 Nc8 19. Bxa5 b6 20. Bxd7 bxa5 21. Bxc8 Qxc8 22. Rh2 Na6 23. Rc1 Nc5 24. Ne3 Qd7 25. Nf5 Rb4 26. b3 Kh7 27. Rhc2 Bf6 28. Kf2 Bd8 29. Kg2 Bb6 30. Nb1 Ra8 31. Rc3 a4 32. Nd2 axb3 33. axb3 Rd4 34. Qc2 Ba5 35. Nxd4 Bxc3 36. Qxc3 exd4 37. Qxd4 Ra2 38. Kh3 Qe7 39. b4 Nd7 40. Nc4 Ne5 41. Nxe5 dxe5 42. Qb6 Ra3 43. Rc7 1-0


[Site "https://www.chess.com"]

[Event "Titled Tuesday Blitz February 07 Late 2023"]
[White "Kalogeris, Ioannis"]
[Black "Sanal, Vahap"]
[WhiteFideId "4239563"]
[BlackFideId "6300545"]
[WhiteElo "2423"]
[BlackElo "2600"]
[Result "1-0"]
[Round "02"]
[TimeControl "180+2"]
[Date "2023.02.07"]
[WhiteClock "0:01:19"]
[BlackClock "0:00:41"]

1. e4 c5 2. Nf3 d6 3. d4 cxd4 4. Nxd4 Nf6 5. Nc3 a6 6. g3 e5 7. Nf3 Be7 8. Nh4 O-O 9. Ng2 Be6 10. Ne3 Nbd7 11. Bg2 Nc5 12. O-O Rc8 13. Ncd5 Ncxe4 14. Nxf6+ Nxf6 15. Bxb7 Rc7 16. Bxa6 Bh3 17. Re1 d5 18. Bf1 Be6 19. Bd2 d4 20. Ng2 Qd5 21. c4 Qd6 22. Rc1 Rb8 23. b4 Bg4 24. Qb3 Bf3 25. Qxf3 h6 26. c5 Qe6 27. Bc4 Qh3 28. Nh4 Ra7 29. Qf5 Qxf5 30. Nxf5 Bf8 31. Rxe5 1-0


[Site "https://www.chess.com"]

[Event "Titled Tuesday Blitz February 07 Late 2023"]
[White "Vachier-Lagrave, Maxime"]
[Black "Godzwon, Iwo"]
[WhiteFideId "623539"]
[BlackFideId "21802483"]
[WhiteElo "2742"]
[BlackElo "2394"]
[Result "1-0"]
[Round "02"]
[TimeControl "180+2"]
[Date "2023.02.07"]
[WhiteClock "0:02:08"]
[BlackClock "0:00:56"]

1. d4 Nf6 2. c4 e6 3. Nc3 Bb4 4. Nf3 d5 5. Qa4+ Nc6 6. e3 O-O 7. Bd2 Bxc3 8. bxc3 Ne4 9. Bd3 f5 10. cxd5 exd5 11. c4 Be6 12. Rb1 Rb8 13. O-O dxc4 14. Bxc4 Bxc4 15. Qxc4+ Kh8 16. Bb4 Rf6 17. Rfc1 Rc8 18. Be1 b6 19. Qb5 Ne7 20. Ne5 c6 21. Qa4 Rc7 22. f3 Ng5 23. Bh4 h6 24. f4 1-0


[Site "https://www.chess.com"]

[Event "Titled Tuesday Blitz February 07 Late 2023"]
[White "Skvortsov, Andrei"]
[Black "Deac, Bogdan-Daniel"]
[WhiteFideId "24108600"]
[BlackFideId "1226380"]
[WhiteElo "2313"]
[BlackElo "2700"]
[Result "0-1"]
[Round "02"]
[TimeControl "180+2"]
[Date "2023.02.07"]
[WhiteClock "0:00:13"]
[BlackClock "0:00:06"]

1. e4 g6 2. g3 Bg7 3. d4 c5 4. Nf3 cxd4 5. Nxd4 Nc6 6. Ne2 Nf6 7. Bg2 d6 8. h3 O-O 9. O-O Rb8 10. a4 a6 11. Nbc3 b5 12. axb5 axb5 13. Nd5 Nd7 14. Ra2 e6 15. Ndc3 Nc5 16. Bf4 Ne5 17. Nd4 Bd7 18. b3 b4 19. Nce2 Qb6 20. Be3 Rfc8 21. Qd2 Qc7 22. f4 Nc6 23. Nxc6 Bxc6 24. Bd4 Bxe4 25. Bxg7 Bxg2 26. Kxg2 Kxg7 27. Qd4+ Kg8 28. Rfa1 Qc6+ 29. Kg1 Qe4 30. Qf2 Qf5 31. g4 Qf6 32. Ng3 d5 33. Ra7 Ne4 34. Nxe4 dxe4 35. R1a2 Rc3 36. Ra8 Rbc8 37. g5 Qd8 38. Rxc8 Rxc8 39. Ra4 Qd1+ 40. Qf1 Qxc2 41. Rxb4 Qc5+ 0-1


[Site "https://www.chess.com"]

[Event "Titled Tuesday Blitz February 07 Late 2023"]
[White "Fedoseev, Vladimir"]
[Black "Martinez Ramirez, Lennis"]
[WhiteFideId "24130737"]
[BlackFideId "3509079"]
[WhiteElo "2680"]
[BlackElo "2426"]
[Result "1-0"]
[Round "02"]
[TimeControl "180+2"]
[Date "2023.02.07"]
[WhiteClock "0:01:52"]
[BlackClock "0:00:03"]

1. Nf3 d5 2. d4 Nf6 3. Bg5 Ne4 4. h4 Nxg5 5. hxg5 g6 6. c4 e6 7. Nc3 Bg7 8. Qd2 c6 9. Qf4 Nd7 10. e4 O-O 11. e5 Re8 12. Nh2 c5 13. Ng4 cxd4 14. Nb5 Qa5+ 15. Kd1 dxc4 16. Bxc4 Nb6 17. Nd6 Re7 18. Nf6+ Bxf6 19. gxf6 1-0


[Site "https://www.chess.com"]

[Event "Titled Tuesday Blitz February 07 Late 2023"]
[White "Rosen, Eric"]
[Black "Salem, A.R. Saleh"]
[WhiteFideId "2032562"]
[BlackFideId "9301348"]
[WhiteElo "2349"]
[BlackElo "2677"]
[Result "0-1"]
[Round "02"]
[TimeControl "180+2"]
[Date "2023.02.07"]
[WhiteClock "0:00:20"]
[BlackClock "0:01:27"]

1. e4 c5 2. Nc3 Nc6 3. Bb5 Nd4 4. Nf3 a6 5. Bd3 g6 6. b4 d6 7. bxc5 dxc5 8. Rb1 Bg7 9. O-O b5 10. a4 b4 11. Nd5 e6 12. Ne3 Ne7 13. Bc4 O-O 14. d3 Nec6 15. h3 h6 16. Bb2 Kh7 17. Nh2 Ra7 18. f4 f5 19. e5 g5 20. Qh5 gxf4 21. Rxf4 Qg5 22. Rh4 Qxe3+ 23. Kh1 Ne2 24. Nf1 Qg1# 0-1


[Site "https://www.chess.com"]

[Event "Titled Tuesday Blitz February 07 Late 2023"]
[White "Martinez Alcantara, Jose Eduardo"]
[Black "Manukyan, Sargis A."]
[WhiteFideId "3805662"]
[BlackFideId "13303970"]
[WhiteElo "2619"]
[BlackElo "2158"]
[Result "1-0"]
[Round "02"]
[TimeControl "180+2"]
[Date "2023.02.07"]
[WhiteClock "0:02:17"]
[BlackClock "0:01:45"]

1. e4 c5 2. Nf3 d6 3. c3 Nf6 4. h3 e6 5. Bd3 Nc6 6. Bc2 Be7 7. d4 cxd4 8. cxd4 d5 9. e5 Ne4 10. Nc3 Nxc3 11. bxc3 O-O 12. Qd3 g6 13. h4 Kg7 14. h5 Rh8 15. Qe3 Kg8 16. hxg6 hxg6 17. Rxh8+ Kxh8 18. Qh6+ Kg8 19. Ng5 Bxg5 20. Bxg5 Qf8 21. Qh4 Qg7 22. Bf6 Qh7 23. Qxh7+ Kxh7 24. O-O-O 1-0


[Site "https://www.chess.com"]

[Event "Titled Tuesday Blitz February 07 Late 2023"]
[White "Di Berardino, Diego Rafael"]
[Black "Kollars, Dmitrij"]
[WhiteFideId "2105446"]
[BlackFideId "12909572"]
[WhiteElo "2479"]
[BlackElo "2607"]
[Result "0-1"]
[Round "02"]
[TimeControl "180+2"]
[Date "2023.02.07"]
[WhiteClock "0:00:05"]
[BlackClock "0:00:08"]

1. e4 c6 2. d4 d5 3. Nc3 dxe4 4. Nxe4 Nf6 5. Nxf6+ exf6 6. c3 Bd6 7. Bd3 O-O 8. Ne2 c5 9. O-O Nc6 10. Be3 Qc7 11. Ng3 cxd4 12. cxd4 g6 13. Ne4 Bxh2+ 14. Kh1 f5 15. Nf6+ Kg7 16. Nd5 Qd6 17. Qd2 Be6 18. Bh6+ Kh8 19. Bxf8 Rxf8 20. Qh6 Bxd5 21. Qxh2 Qxh2+ 22. Kxh2 Nxd4 23. Rfd1 Bc6 24. Bc4 Ne6 25. Rd6 Ng5 26. Rad1 Kg7 27. Rd8 Ne4 28. f3 Nf6 29. Kg1 h5 30. Kf2 h4 31. Rxf8 Kxf8 32. Rd8+ Ke7 33. Ra8 a6 34. Rc8 a5 35. a3 Ne8 36. Ra8 a4 37. Be2 Nc7 38. Rh8 g5 39. Bc4 Kf6 40. Rh7 Ne6 41. Bxe6 fxe6 42. Rh8 Kg7 43. Rc8 e5 44. Rd8 e4 45. fxe4 Bxe4 46. Rd6 Bc6 47. Kg1 Kf7 48. Kf2 Be4 49. Kg1 f4 50. Rd4 Bc6 51. Rd6 f3 52. gxf3 Bxf3 53. Kf2 Bc6 54. Rd4 Kf6 55. Rd6+ Kf5 56. Rd4 g4 57. Rc4 Kg5 58. Rc5+ Kf4 59. Rc4+ Be4 60. Rxa4 g3+ 61. Kg1 h3 62. Ra5 h2+ 0-1


[Site "https://www.chess.com"]

[Event "Titled Tuesday Blitz February 07 Late 2023"]
[White "Bluebaum, Matthias"]
[Black "Suder, Jakub"]
[WhiteFideId "24651516"]
[BlackFideId "1195310"]
[WhiteElo "2669"]
[BlackElo "2244"]
[Result "1-0"]
[Round "02"]
[TimeControl "180+2"]
[Date "2023.02.07"]
[WhiteClock "0:00:16"]
[BlackClock "0:00:30"]

1. d4 d5 2. c4 e6 3. Nc3 a6 4. cxd5 exd5 5. a3 Nf6 6. Bg5 c6 7. e3 Bd6 8. Bd3 Nbd7 9. Qc2 Nf8 10. Nf3 Ne6 11. Bh4 Be7 12. b4 b5 13. Qb3 a5 14. O-O a4 15. Qc2 Nd7 16. Bg3 h5 17. Ne5 Nxe5 18. Bxe5 f6 19. Bg6+ Kf8 20. Bf4 Nxf4 21. exf4 Bd6 22. Ne2 Bd7 23. h4 Be8 24. g3 Bxg6 25. Qxg6 Qe8 26. Qc2 Kf7 27. Rae1 Qd7 28. Nc1 Rae8 29. Nd3 Rxe1 30. Rxe1 Re8 31. Rc1 Rc8 32. Kg2 g6 33. Re1 Re8 34. Rc1 Rc8 35. Nb2 Qf5 36. Qxf5 gxf5 37. Nd1 Kg6 38. Ne3 Rc7 39. Kf3 Bf8 40. Ke2 Kf7 41. Nxf5 Ke6 42. Ne3 Kd7 43. Kf3 Rc8 44. g4 hxg4+ 45. Kxg4 Bd6 46. Nf5 Rg8+ 47. Kf3 Rh8 48. Rh1 Bf8 49. h5 Ke6 50. Ne3 Bh6 51. Rc1 Rc8 52. Ng4 Bf8 53. Re1+ Kf5 54. Re2 Rd8 55. Ne3+ Ke6 56. Re1 Kf7 57. Rc1 Rd6 58. Nf5 Re6 59. Rg1 Re8 60. h6 Be7 61. Re1 Bf8 62. Rxe8 Kxe8 63. h7 1-0


[Site "https://www.chess.com"]

[Event "Titled Tuesday Blitz February 07 Late 2023"]
[White "Martynov, Pavel"]
[Black "Paravyan, David"]
[WhiteFideId "4101260"]
[BlackFideId "4194985"]
[WhiteElo "2414"]
[BlackElo "2601"]
[Result "0-1"]
[Round "02"]
[TimeControl "180+2"]
[Date "2023.02.07"]
[WhiteClock "0:00:01"]
[BlackClock "0:00:10"]

1. e4 e5 2. Nf3 Nf6 3. Nxe5 d6 4. Nf3 Nxe4 5. d4 d5 6. Bd3 Bf5 7. O-O Be7 8. Re1 O-O 9. c4 Nc6 10. cxd5 Qxd5 11. Nc3 Nxc3 12. bxc3 Rae8 13. c4 Qd7 14. d5 Bf6 15. Bxf5 Rxe1+ 16. Qxe1 Qxf5 17. dxc6 Bxa1 18. Ba3 Rb8 19. Qxa1 bxc6 20. Ne1 Rb1 21. Qc3 Qe4 22. Bb4 h5 23. h3 c5 24. Ba5 c6 25. Kh2 f6 26. Qg3 Rxe1 27. Bxe1 Qxe1 28. Qb8+ Kh7 29. Qxa7 Qxf2 30. a4 Qf4+ 31. Kg1 Qxc4 32. a5 Qc1+ 33. Kh2 Qf4+ 34. Kg1 c4 35. Qc5 Qc1+ 36. Kh2 Qf4+ 37. Kg1 Qc1+ 38. Kh2 c3 39. Qxh5+ Qh6 40. Qf5+ Qg6 41. Qxg6+ Kxg6 42. a6 c2 43. a7 c1=Q 44. a8=Q Qf4+ 45. Kh1 Qe4 46. Qc8 Qe1+ 47. Kh2 Qe5+ 48. Kg1 c5 49. Qg4+ Qg5 50. Qe4+ Qf5 51. Qe3 Qe5 52. Qd3+ Kh6 0-1


[Site "https://www.chess.com"]

[Event "Titled Tuesday Blitz February 07 Late 2023"]
[White "Hakobyan, Aram"]
[Black "Crevatin, Leo"]
[WhiteFideId "13306677"]
[BlackFideId "1726307"]
[WhiteElo "2608"]
[BlackElo "2292"]
[Result "1-0"]
[Round "02"]
[TimeControl "180+2"]
[Date "2023.02.07"]
[WhiteClock "0:01:45"]
[BlackClock "0:00:23"]

1. Nf3 Nf6 2. c4 b6 3. g3 Bb7 4. Bg2 g6 5. d4 Bg7 6. O-O O-O 7. Qc2 Na6 8. Nc3 Nb4 9. Qb1 a5 10. a3 Na6 11. Rd1 d6 12. e4 Nd7 13. Be3 e5 14. Qc2 exd4 15. Bxd4 Re8 16. Bxg7 Kxg7 17. Nd4 Qf6 18. e5 dxe5 19. Bxb7 exd4 20. Bxa8 Rxa8 21. Qe4 dxc3 22. Qxa8 cxb2 23. Rab1 Nac5 24. Qd5 Ne5 25. Rxb2 Nf3+ 26. Kg2 Qxb2 27. Qxf3 Qc2 28. Rd4 a4 29. h4 h5 30. Rf4 f5 31. Rd4 Ne4 32. Rd7+ Kg8 33. Rxc7 1-0


[Site "https://www.chess.com"]

[Event "Titled Tuesday Blitz February 07 Late 2023"]
[White "Koellner, Ruben Gideon"]
[Black "Bortnyk, Olexandr"]
[WhiteFideId "12993093"]
[BlackFideId "14120828"]
[WhiteElo "2426"]
[BlackElo "2605"]
[Result "0-1"]
[Round "02"]
[TimeControl "180+2"]
[Date "2023.02.07"]
[WhiteClock "0:00:01"]
[BlackClock "0:01:48"]

1. d4 d6 2. e4 Nf6 3. Nd2 e5 4. dxe5 dxe5 5. Ngf3 Bg4 6. h3 Bxf3 7. Qxf3 Bc5 8. Bc4 O-O 9. O-O Nbd7 10. Qe2 c6 11. a4 a5 12. Nf3 Nh5 13. Kh2 Qf6 14. g3 Qe7 15. Kg2 Nhf6 16. Bg5 h6 17. Bd2 Rfd8 18. Rad1 Nf8 19. Nh4 Ne6 20. Nf5 Qe8 21. c3 Rd7 22. Qf3 Rad8 23. Bxh6 Rxd1 24. Rxd1 Rxd1 25. Bxe6 fxe6 26. Nxg7 Qg6 27. Qxd1 Qxh6 28. Nxe6 Be7 0-1


[Site "https://www.chess.com"]

[Event "Titled Tuesday Blitz February 07 Late 2023"]
[White "Dominguez Perez, Leinier"]
[Black "Klose, Eli"]
[WhiteFideId "3503240"]
[BlackFideId "16242955"]
[WhiteElo "2739"]
[BlackElo "1519"]
[Result "1-0"]
[Round "02"]
[TimeControl "180+2"]
[Date "2023.02.07"]
[WhiteClock "0:00:28"]
[BlackClock "0:00:08"]

1. d4 Nf6 2. Nf3 c5 3. e3 b6 4. Bd3 e6 5. O-O Be7 6. c4 O-O 7. Nc3 cxd4 8. exd4 d5 9. cxd5 Nxd5 10. Ne5 Bb7 11. Qg4 f5 12. Qe2 Bf6 13. Rd1 Nc6 14. Bc4 Nce7 15. Nf3 Qc8 16. Ng5 Nxc3 17. Bxe6+ Kh8 18. Qh5 Bxg5 19. Bxc8 Raxc8 20. bxc3 Bxc1 21. Raxc1 Nd5 22. Qh4 Nxc3 23. Rxc3 Rxc3 24. Qe7 Rfc8 25. Qxb7 Rc1 26. Qf3 Rxd1+ 27. Qxd1 g6 28. d5 Kg8 29. d6 Kf8 30. d7 Rd8 31. Qd6+ Kf7 32. h4 b5 33. Kh2 a5 34. Kg3 b4 35. Kf4 h6 36. Ke5 a4 37. Qf6+ 1-0


[Site "https://www.chess.com"]

[Event "Titled Tuesday Blitz February 07 Late 2023"]
[White "Bujisho, Benjamin"]
[Black "Babazada, Khazar"]
[WhiteFideId "608610"]
[BlackFideId "13413554"]
[WhiteElo "2338"]
[BlackElo "2474"]
[Result "0-1"]
[Round "02"]
[TimeControl "180+2"]
[Date "2023.02.07"]
[WhiteClock "0:00:26"]
[BlackClock "0:01:23"]

1. d4 Nf6 2. c4 g6 3. Nc3 Bg7 4. e4 d6 5. f4 O-O 6. Nf3 c5 7. d5 e6 8. dxe6 Bxe6 9. Bd3 Nc6 10. f5 Bd7 11. O-O Ng4 12. Bg5 Qb6 13. Nd5 Qxb2 14. Rb1 Qa3 15. Rxb7 Bc8 16. Rc7 Nb4 17. f6 Nxf6 18. Nxf6+ Bxf6 19. Bxf6 Qxd3 20. Qc1 Nc2 21. Re1 Nxe1 22. Qh6 Nxf3+ 23. gxf3 Qd4+ 24. Bxd4 cxd4 25. Qd2 Be6 26. Qxd4 Rfc8 27. Qxd6 Bxc4 28. a4 Be6 29. a5 Rd8 30. Qc5 a6 31. f4 Rd1+ 32. Kf2 Rad8 33. f5 R8d2+ 34. Ke3 Rd3+ 35. Kf4 gxf5 36. exf5 Rf1+ 37. Kg5 Rxf5+ 38. Qxf5 Bxf5 39. Kxf5 Kg7 40. Ke5 Rh3 41. Kd6 Rh6+ 42. Kd7 Rh5 43. Ke8 Re5+ 0-1


[Site "https://www.chess.com"]

[Event "Titled Tuesday Blitz February 07 Late 2023"]
[White "Diaz Perez, Michel Alejandro"]
[Black "Svane, Rasmus"]
[WhiteFideId "3517179"]
[BlackFideId "4657101"]
[WhiteElo "2414"]
[BlackElo "2623"]
[Result "0-1"]
[Round "02"]
[TimeControl "180+2"]
[Date "2023.02.07"]
[WhiteClock "0:00:04"]
[BlackClock "0:00:10"]

1. e4 c6 2. d4 d5 3. exd5 cxd5 4. c4 Nf6 5. Nc3 Nc6 6. Bg5 Be6 7. Nf3 g6 8. Bxf6 exf6 9. Qb3 Bb4 10. a3 Qa5 11. c5 O-O 12. Be2 b6 13. cxb6 Bxc3+ 14. bxc3 axb6 15. O-O Rfc8 16. Rfc1 Ne7 17. h3 Nf5 18. Qb2 Nd6 19. Qd2 Ne4 20. Qf4 Rxc3 21. a4 Kg7 22. Rxc3 Nxc3 23. Bf1 Qb4 24. Re1 Ne4 25. Re3 Rxa4 26. Bd3 Ra1+ 27. Kh2 Nd2 28. Rxe6 Nxf3+ 29. gxf3 fxe6 30. Qc7+ Kf8 31. Qxh7 Qe7 32. Qh8+ Kf7 33. Qh7+ Ke8 34. Bxg6+ Kd8 35. Qg8+ Kc7 36. Bd3 b5 37. Bxb5 Kb7 38. Bd3 Ra8 39. Qg3 f5 40. Qe5 Qc7 41. f4 Qxe5 42. fxe5 Ra4 43. Be2 Rxd4 44. Kg3 Re4 45. h4 Rxe2 46. h5 Re1 47. Kg2 Rxe5 48. h6 f4 49. h7 Rh5 0-1


[Site "https://www.chess.com"]

[Event "Titled Tuesday Blitz February 07 Late 2023"]
[White "Sjugirov, Sanan"]
[Black "Chylewski, Patryk"]
[WhiteFideId "4189302"]
[BlackFideId "1186191"]
[WhiteElo "2712"]
[BlackElo "2281"]
[Result "1-0"]
[Round "02"]
[TimeControl "180+2"]
[Date "2023.02.07"]
[WhiteClock "0:01:28"]
[BlackClock "0:00:03"]

1. d4 Nf6 2. c4 e6 3. Nf3 d5 4. Nc3 a6 5. cxd5 exd5 6. Bg5 Be6 7. Bxf6 Qxf6 8. Qb3 Ra7 9. a3 Qd8 10. Qc2 Bd6 11. e4 dxe4 12. Nxe4 Be7 13. O-O-O O-O 14. h4 Bf5 15. Bd3 h6 16. Rhg1 Bxh4 17. Qc5 Bxe4 18. Bxe4 b6 19. Qf5 g6 20. Qh3 Bg5+ 21. Kb1 Re8 22. Bc2 Nd7 23. Nxg5 hxg5 24. Rh1 Kf8 25. Qh6+ Ke7 26. Qxg5+ Nf6 27. Ba4 Rh8 28. Rde1+ 1-0


[Site "https://www.chess.com"]